 Dungeon Crawl Stone Soup version 0.22-a0-601-gb0ed703 (webtiles) character file.

7905 sking99 the Severer (level 11, -2/99 HPs)
             Began as a Hill Orc Monk on July 6, 2018.
             Was a High Priest of Makhleb.
             Slain by an unseen horror (7 damage)
             ... on level 10 of the Dungeon.
             The game lasted 00:22:26 (11924 turns).

sking99 the Severer (Hill Orc Monk)                Turns: 11924, Time: 00:22:27

Health: -2/99      AC: 14    Str: 17    XL:     11   Next: 22%
Magic:  18/18      EV:  6    Int: 10    God:    Makhleb [*****.]
Gold:   573        SH:  0    Dex: 14    Spells: 10/10 levels left

rFire    . . .     SeeInvis .   a - +0 battleaxe
rCold    . . .     Gourm    .   (shield currently unavailable)
rNeg     . . .     Faith    .   x - +1 plate armour
rPois    .         Spirit   .   (no helmet)
rElec    .         Reflect  .   (no cloak)
rCorr    .         Harm     .   q - +0 pair of gloves
MR       +....                  (no boots)
Stlth    ..........             (no amulet)
HPRegen  0.26/turn              l - ring of wizardry
MPRegen  0.16/turn              t - ring of protection from magic

@: no status effects
A: no striking features
a: Minor Destruction, Lesser Servant of Makhleb, Major Destruction, Greater
Servant of Makhleb, Renounce Religion


You were on level 10 of the Dungeon.
You worshipped Makhleb.
Makhleb was extremely pleased with you.
You were very hungry.

You visited 1 branch of the dungeon, and saw 10 of its levels.

You collected 573 gold pieces.

Inventory:

Hand Weapons
 a - a +0 battleaxe (weapon)
 b - a +3 scimitar of flaming
Armour
 q - a +0 pair of gloves (worn)
 x - a +1 plate armour (worn)
Jewellery
 l - a ring of wizardry (left hand)
 t - a ring of protection from magic (right hand)
 A - an uncursed amulet of rage {unknown}
Wands
 i - a wand of iceblast (15)
 j - a wand of polymorph (20)
 n - a wand of scattershot (5)
 s - a wand of digging (41)
 y - a wand of paralysis (4)
Scrolls
 g - 6 scrolls of remove curse
 h - 6 scrolls of identify
 r - a scroll of immolation
 u - 2 scrolls of amnesia
 w - 2 scrolls of teleportation
 z - a scroll of enchant weapon
 B - 2 scrolls of fog {unknown}
Potions
 e - a potion of agility
 f - 2 potions of ambrosia
 k - 2 potions of curing
 m - 2 potions of mutation
 o - 3 potions of flight
 p - a potion of cancellation
 v - 2 potions of brilliance
Comestibles
 c - 27 rations


   Skills:
 - Level 10.0 Fighting
 * Level 15.4 Axes
 + Level 4.7 Armour
 - Level 2.4 Dodging
 - Level 1.5 Stealth
 + Level 10.1 Invocations


You had 10 spell levels left.
You didn't know any spells.
Your spell library contained the following spells:

 Spells                   Type           Power        Failure   Level  Hunger
 Cause Fear               Hex            #.........   100%        4    #####..
 Magic Dart               Conj           #...         99%         1    ##.....
 Conjure Flame            Conj/Fire      #.......     100%        3    ####...
 Slow                     Hex            #.......     100%        2    ###....
 Confuse                  Hex            #.......     100%        3    ####...
 Mephitic Cloud           Conj/Pois/Air  #.......     100%        3    ####...
 Blink                    Tloc           N/A          100%        2    ###....
 Call Imp                 Summ           #.......     100%        2    ###....
 Deflect Missiles         Chrm/Air       #.........   100%        6    #######
 Confusing Touch          Hex            #.....       99%         1    ##.....
 Metabolic Englaciation   Hex/Ice        #.........   100%        5    ######.
 Silence                  Hex/Air        #.........   100%        5    ######.
 Petrify                  Tmut/Erth      #.......     100%        4    #####..
 Discord                  Hex            #.........   100%        8    #######
 Gell's Gravitas          Tloc           #.........   100%        3    ####...
 Yara's Violent Unravell  Hex/Tmut       #.........   100%        5    ######.


Dungeon Overview and Level Annotations

Branches:
Dungeon (10/15)            Temple (0/1) D:7            Lair (0/6) D:9
    Orc (0/2) D:9

Altars:
Cheibriados
Gozag
Makhleb
Sif Muna
Vehumet

Shops:
D:7 =[((   D:8 :

Annotations:
D:10 1 runed door, galech's ghost, journeyman OgBe


Message History

You shout for attention!
You are feeling very hungry.
Something hits you.
* * * LOW HITPOINT WARNING * * *
Something hits you but does no damage.
Your plate armour prevents you from hitting something.
Something hits you but does no damage. Something hits you but does no damage.
Something hits you.
* * * LOW HITPOINT WARNING * * *
You hit something. Something hits you but does no damage. Something hits you.
* * * LOW HITPOINT WARNING * * *
You closely miss something. Something hits you.
* * * LOW HITPOINT WARNING * * *
Your plate armour prevents you from hitting something.
Something hits you.
* * * LOW HITPOINT WARNING * * *
Something hits you!
You die...

####### ##.....##
###########....#..###############
#....<......###.##..............#
........(...#.#.##.{.............
............##.#)#...†...........
............#.#.##...............
............##.#@#...............
............#.#{##...............
............##'###...............
.............#..#................
.............#..#................
.............####..≈.............
.................§≈≈≈............
.................§§≈.............
.......§.§.........§.§...........


There were no monsters in sight!

Vanquished Creatures
  Erica (D:8)
  An unseen horror (D:10)
  Pikel (D:7)
  2 hippogriffs (D:8)
  Prince Ribbit (D:6)
  Sigmund (D:2)
  A wyvern (D:10)
  6 yaks
  2 soldier ants (D:10)
  3 sky beasts
  3 ice beasts
  A black bear (D:8)
  3 orc warriors
  A hornet zombie (D:10)
  2 ogres
  4 centaurs
  A big kobold (D:7)
  6 bullfrogs
  A water moccasin zombie (D:6)
  2 scorpions
  3 killer bees (D:10)
  2 crimson imps (D:5)
  A centaur zombie (D:5)
  2 hounds
  A lava snake (D:10)
  4 centaur skeletons
  2 jellies
  2 quasits
  Crazy Yiuf (D:7)
  A bullfrog skeleton (D:5)
  5 orc priests (D:4)
  5 orc wizards
  An iguana (D:8)
  10 worker ants
  A hound zombie (D:5)
  3 worker ant zombies
  Robin (D:4)
  A howler monkey skeleton (D:6)
  5 gnolls (D:10)
  12 adders
  2 shadow imps
  4 oozes
  3 adder skeletons
  2 worms
  A dart slug (D:2)
  6 leopard geckos
  32 orcs
  7 bats
  4 giant cockroaches
  11 goblins
  6 hobgoblins
  8 jackals
  5 quokkas
  A ball python skeleton (D:4)
  5 frilled lizards
  14 kobolds
  8 rats
225 creatures vanquished.

Vanquished Creatures (collateral kills)
  A two-headed ogre (D:10)
  Duvessa (D:6)
  A hornet zombie (D:10)
  Dowan (D:6)
  A killer bee (D:10)
  2 gnolls (D:10)
  2 orcs (D:10)
  A giant cockroach (D:6)
  A quokka (D:6)
11 creatures vanquished.

Vanquished Creatures (others)
  A leopard gecko zombie (D:7)
1 creature vanquished.

Grand Total: 237 creatures vanquished

Notes
Turn   | Place    | Note
-------+----------+-------------------------------------------
     0 | D:1      | sking99 the Hill Orc Monk began the quest for the Orb.
     0 | D:1      | Reached XP level 1. HP: 19/19 MP: 1/1
    94 | D:1      | Reached XP level 2. HP: 23/27 MP: 2/2
   450 | D:1      | Reached skill level 5 in Axes
   450 | D:1      | Reached XP level 3. HP: 26/33 MP: 3/3
  1276 | D:2      | Reached XP level 4. HP: 33/41 MP: 4/4
  1708 | D:2      | Reached skill level 6 in Axes
  1875 | D:2      | Noticed Sigmund
  1928 | D:2      | Killed Sigmund
  1928 | D:2      | Reached skill level 5 in Fighting
  1928 | D:2      | Reached skill level 7 in Axes
  1928 | D:2      | Reached XP level 5. HP: 16/48 MP: 5/5
  1928 | D:2      | Reached XP level 6. HP: 18/56 MP: 6/6
  2297 | D:2      | Found a faded altar of an unknown god.
  2297 | D:2      | Found a burning altar of Makhleb.
  2303 | D:2      | Found an opulent altar of Gozag.
  2305 | D:2      | Found a snail-covered altar of Cheibriados.
  2306 | D:2      | Found a radiant altar of Vehumet.
  2322 | D:2      | Became a worshipper of Makhleb the Destroyer
  2322 | D:2      | Reached * piety under Makhleb
  2322 | D:2      | Reached ** piety under Makhleb
  3151 | D:3      | Reached skill level 1 in Invocations
  3365 | D:4      | Reached skill level 8 in Axes
  3378 | D:4      | Reached *** piety under Makhleb
  3392 | D:4      | Reached XP level 7. HP: 38/63 MP: 8/8
  3664 | D:4      | Found a deep blue altar of Sif Muna.
  3678 | D:4      | Reached skill level 9 in Axes
  4099 | D:4      | Noticed Robin
  4109 | D:4      | Killed Robin
  4201 | D:4      | Reached XP level 8. HP: 50/71 MP: 9/11
  4616 | D:5      | Entered Level 5 of the Dungeon
  4727 | D:5      | Reached skill level 10 in Axes
  4923 | D:5      | Reached **** piety under Makhleb
  5132 | D:5      | Reached skill level 5 in Invocations
  5579 | D:6      | Noticed Duvessa
  5580 | D:6      | Noticed Dowan
  5590 | D:6      | Killed Duvessa
  5599 | D:6      | Killed Dowan
  5640 | D:6      | Reached skill level 11 in Axes
  5662 | D:6      | Noticed Prince Ribbit
  5671 | D:6      | Killed Prince Ribbit
  5671 | D:6      | Reached XP level 9. HP: 74/81 MP: 13/13
  6673 | D:7      | Found Sanyfur's Weapon Shop.
  6686 | D:7      | Found Hace Exuo's Antique Armour Shoppe.
  6843 | D:7      | Reached skill level 12 in Axes
  6870 | D:7      | Found a staircase to the Ecumenical Temple.
  7078 | D:7      | Noticed Pikel
  7097 | D:7      | Killed Pikel
  7224 | D:7      | Found Hoejaepo's Jewellery Shoppe.
  7415 | D:7      | Found a runed door.
  7559 | D:7      | Found Kig Asua's Antique Weapon Emporium.
  7729 | D:7      | Noticed Crazy Yiuf
  7737 | D:7      | Killed Crazy Yiuf
  7963 | D:8      | Reached skill level 13 in Axes
  8005 | D:8      | Reached XP level 10. HP: 70/91 MP: 15/15
  8562 | D:8      | Noticed Erica
  8573 | D:8      | Killed Erica
  8573 | D:8      | Reached skill level 1 in Armour
  8784 | D:8      | Found Liceneuq's Book Boutique.
  9140 | D:8      | Reached skill level 14 in Axes
  9275 | D:9      | Reached skill level 10 in Fighting
  9679 | D:9      | Found a staircase to the Orcish Mines.
  9722 | D:9      | Found a staircase to the Lair.
  9794 | D:10     | Entered Level 10 of the Dungeon
 10296 | D:10     | Found a runed door.
 10297 | D:10     | Noticed galech's ghost (journeyman OgBe)
 10347 | D:10     | Noticed a two-headed ogre
 10354 | D:10     | Killed a two-headed ogre
 10354 | D:10     | Reached skill level 15 in Axes
 10354 | D:10     | Reached XP level 11. HP: 72/99 MP: 18/18
 11281 | D:10     | Reached skill level 10 in Invocations
 11394 | D:10     | Killed an unseen horror
 11615 | D:10     | Reached ***** piety under Makhleb
 11823 | D:10     | HP: 3/99 [something (8)]
 11924 | D:10     | Slain by an unseen horror

Vault maps used:
D:1:      dpeg_arrival_leaves_temple_mockup
D:2:      chequers_temple_overflow_minitemple, first_ration, uniq_sigmund
D:4:      st_stairs_2, led_sif_book, uniq_robin
D:6:      uniq_duvessa, uniq_prince_ribbit1
D:7:      minmay_temple_entry_grid, serial_shops, shop, nicolae_shop_trees,
          shop_fountains, shop, uniq_crazy_yiuf_cottage, uniq_pikel
D:8:      serial_shops, nicolae_shop_behind_doors, uniq_erica
D:9:      lair_entry_dummy, orc_0_dummy
D:10:     gammafunk_ghost_grave, hangedman_pestilent_swarm, moated_statue,
          kennysheep_flooded_box

Skill      XL: |  1  2  3  4  5  6  7  8  9 10 11 |
---------------+----------------------------------+-----
Fighting       | 4 5 6 7 9 10 | 10.0
Axes           | 5 7 8 9 11 13 15 | 15.4
Invocations    | 2 4 5 7 9 10 | 10.1
Armour         | 4 |  4.7
Dodging        | |  2.4
Stealth        | |  1.5

Action                   |  1- 3 |  4- 6 |  7- 9 | 10-12 || total
-------------------------+-------+-------+-------+-------++-------
Melee: Hand axe          |    97 |   178 |   101 |       ||   376
       War axe           |       |       |   239 |       ||   239
       Battleaxe         |       |       |    52 |   231 ||   283
Invok: Minor Destruction |       |    21 |    63 |     3 ||    87
       Lesser Servant of |       |       |     1 |     4 ||     5
       Major Destruction |       |       |     1 |     1 ||     2
  Use: Potion            |       |     4 |       |     7 ||    11
       Scroll            |       |     8 |     6 |     2 ||    16
 Stab: Sleeping          |     4 |       |       |       ||     4
  Eat: Chunk             |     1 |     7 |    15 |     8 ||    31
       Ration            |       |       |       |     1 ||     1
Armor: Robe              |     6 |       |       |       ||     6
       Ring mail         |    20 |     2 |       |       ||    22
       Plate armour      |       |   109 |   237 |   383 ||   729
       Skin              |       |     9 |       |       ||     9
Dodge: Dodged            |    56 |    36 |    78 |    87 ||   257

Table legend:
 A = Spawn XP
 B = Non-spawn XP
 C = Spawn XP percentage of total XP
 D = Spawn monster count
 E = Non-spawn monster count
 F = Spawn count percentage of total count
 G = Total turns spent on level
                    A         B        C        D         E        F      G
               +---------+---------+-------+---------+---------+-------+---------
         Total |       0 |   11294 |   0.0 |       0 |     236 |   0.0 | 11924
               +---------+---------+-------+---------+---------+-------+---------
           D:1 |       0 |      40 |   0.0 |       0 |      21 |   0.0 |  1116
           D:2 |       0 |     319 |   0.0 |       0 |      29 |   0.0 |  1743
           D:3 |       0 |      89 |   0.0 |       0 |      25 |   0.0 |   494
           D:4 |       0 |     862 |   0.0 |       0 |      39 |   0.0 |  1263
           D:5 |       0 |     632 |   0.0 |       0 |      22 |   0.0 |   963
           D:6 |       0 |     838 |   0.0 |       0 |      17 |   0.0 |  1035
           D:7 |       0 |    1533 |   0.0 |       0 |      19 |   0.0 |  1179
           D:8 |       0 |    2624 |   0.0 |       0 |      18 |   0.0 |  1466
           D:9 |       0 |    1041 |   0.0 |       0 |      10 |   0.0 |  1115
          D:10 |       0 |    3316 |   0.0 |       0 |      36 |   0.0 |  1550
               +---------+---------+-------+---------+---------+-------+---------
